 Dungeon Crawl Stone Soup version 0.29.0-4-gdea44cf6ec (webtiles) character file.

Game seed: 7296718951282365371

38 qw the Chopper (level 3, 0/21 HPs)
             Began as a Tengu Warper on Aug 28, 2022.
             Succumbed to an adder's poison
             ... on level 2 of the Dungeon.
             The game lasted 00:00:06 (1775 turns).

qw the Chopper (Tengu Warper)                       Turns: 1775, Time: 00:00:07

Health: 0/21       AC:  5    Str: 15    XL:     3   Next: 43%
Magic:  7/7        EV: 11    Int: 13    God:
Gold:   38         SH:  0    Dex: 13    Spells: 6/6 levels left

rFire   . . .      SeeInvis .   Y - +1 hand axe
rCold   x . .      Faith    .   (no shield)
rNeg    + . .      Spirit   .   f - +0 ring mail
rPois   .          Reflect  .   a - +0 hat "Xeozxi" {Fly rC- rN+ Str+2}
rElec   .          Harm     .   (no cloak)
rCorr   .          Rampage  .   (no gloves)
Will    .....                   (boots unavailable)
Stlth   +.........              (no amulet)
HPRegen 0.07/turn               (no ring)
MPRegen 0.10/turn               (no ring)

@: lethally poisoned (0 -> -2), flying
A: beak, talons 3
a: no special abilities


You were on level 2 of the Dungeon.
You visited 1 branch of the dungeon, and saw 2 of its levels.

You collected 38 gold pieces.


Innate Abilities, Weirdness & Mutations

You have a beak for a mouth.
You have claws for feet.


   Skills:
 - Level 2.0 Fighting
 + Level 4.1 Axes
 - Level 1.0 Throwing
 - Level 1.1 Armour
 - Level 2.1 Dodging
 - Level 2.0 Spellcasting
 - Level 2.4 Translocations


You had 6 spell levels left.
You didn't know any spells.
Your spell library contained the following spells:

 Spells                   Type           Power      Damage    Failure   Level
 Blink                    Tloc           14%        N/A       28%         2
 Gell's Gravitas          Tloc           7%         N/A       50%         3
 Lesser Beckoning         Tloc           7%         N/A       50%         3
 Teleport Other           Tloc           7%         N/A       50%         3
 Manifold Assault         Tloc           7%         N/A       99%         5

Inventory:

Hand Weapons
 l - a +0 club
 Y - a +1 hand axe (weapon)
Armour
 a - the +0 hat "Xeozxi" (worn) {Fly rC- rN+ Str+2}
   (You acquired it on level 1 of the Dungeon)

   Str:       It affects your strength (+2).
   rC:        It makes you vulnerable to cold.
   rN:        It protects you from negative energy.
   Fly:       It grants you flight.
 f - a +0 ring mail (worn)
Scrolls
 g - a scroll of identify
Potions
 j - a potion of haste {unknown}
 n - a potion of magic {unknown}
 p - a potion of degeneration {unknown}

Dungeon Overview and Level Annotations

Branches:
Dungeon (2/15)

Altars:

Shops:
D:1 ?*


Message History

HP restored.
You reach down and open the door.
There is an open door here.
An adder comes into view.
Found a viscous dark potion.
The adder hisses angrily.
A ball python comes into view.
Enter note:
1767 ||| Stepping ~*~*~tactically~*~*~ (stealth).
There is an open door here.
The ball python hisses angrily.
You hit the adder. Your peck misses the adder.
The adder is lightly wounded.
The adder bites you but does no damage.
You slash the adder! Your peck misses the adder.
The adder is almost dead.
The adder bites you.
You are poisoned.
The adder poisons you! The adder barely misses you.
You closely miss the adder. Your peck misses the adder.
The adder is almost dead.
You feel sick. The adder bites you.
You miss the adder. Your kick misses the adder.
The adder is almost dead.
You feel sick. The adder bites you but does no damage.
The ball python closely misses you. x2; The adder bites you.
You closely miss the adder. You peck the adder, but do no damage.
The adder is almost dead.
You closely miss the ball python.
You feel sick. The ball python closely misses you. The ball python grabs you.
The ball python constricts you. The adder bites you.
You hit the ball python but do no damage.
You miss the adder.
You feel sick. The adder bites you. The ball python barely misses you.
The ball python constricts you. The adder barely misses you.
You hit the ball python. You peck the ball python.
You kill the ball python!
You hit the adder.
You kill the adder!
You die...

.# ## #.#....
.#...# .. #.
#.#.... .#...#
#. #......
.#...#. #.
#.....#.......
#.
##.............
#.
...............
##
........%!.....
## #..@#####
####. #...'...#
#.... #...###.#
##.... #...#
#.## #.%#.#
#...#
#..######..#..
#####
##...##....###
####.......#
#......>...####
......#..%.#


There were no monsters in sight!

Vanquished Creatures
  2 adders (D:2)
  5 bats (D:1)
  2 endoplasms
  3 giant cockroaches
  A goblin (D:1)
  6 hobgoblins
  A quokka (D:1)
  4 ball pythons
  A frilled lizard (D:1)
  2 kobolds (D:2)
  A rat (D:1)
28 creatures vanquished.

Notes
Turn   | Place    | Note
-------+----------+-------------------------------------------
     0 | D:1      | qw the Tengu Warper began the quest for the Orb.
     0 | D:1      | Reached XP level 1. HP: 12/12 MP: 4/4
     0 | D:1      | 0 ||| qw: Version: 0.1-a-89-g26bdef1
     0 | D:1      | 0 ||| qw: Game counter: 3236
     0 | D:1      | 0 ||| qw: Always use a shield: true
     0 | D:1      | 0 ||| qw: God list: Okawaru
     0 | D:1      | 0 ||| qw: Allow faded altars: false
     0 | D:1      | 0 ||| qw: Do Orc after D:15 true
     0 | D:1      | 0 ||| qw: Do second Lair branch before Depths: true
     0 | D:1      | 0 ||| qw: Lair rune preference: random
     0 | D:1      | 0 ||| qw: Plans: Normal
     0 | D:1      | 0 ||| PLANNING D:1-11
   108 | D:1      | 108 ||| Stepping ~*~*~tactically~*~*~ (stealth).
   153 | D:1      | Found Laidyamm's Magic Scroll Boutique.
   170 | D:1      | 170 ||| SHOPLISTING scroll of enchant armour (105 gold,
                  | have 0).
   170 | D:1      | 170 ||| SHOPLISTING scroll of teleportation (42 gold, have
                  | 0).
   192 | D:1      | Reached skill level 3 in Axes
   192 | D:1      | Reached XP level 2. HP: 17/17 MP: 6/6
   214 | D:1      | Found Qoobok's Assorted Antiques.
   222 | D:1      | 222 ||| SHOPLISTING fuming black potion (22 gold, have 6).
   222 | D:1      | 222 ||| SHOPLISTING scroll labelled OCY QECISS (25 gold,
                  | have 6).
   222 | D:1      | 222 ||| SHOPLISTING shiny plate armour (650 gold, have 6).
   629 | D:1      | 629 ||| Stepping ~*~*~tactically~*~*~ (stealth).
  1178 | D:1      | Found a faded altar of an unknown god.
  1179 | D:1      | 1179 ||| UPGRADING to +0 ring mail.
  1189 | D:1      | 1189 ||| DROPPING +0 leather armour.
  1190 | D:1      | 1190 ||| READING scroll labelled EXKOUP LOOWN.
  1191 | D:1      | 1191 ||| READING 3 scrolls labelled ECHIHI FYEKEWN.
  1192 | D:1      | 1192 ||| READING scroll labelled JUIGUE HISEOKK.
  1193 | D:1      | 1193 ||| READING scroll labelled EZXANY ETEERE.
  1197 | D:1      | 1197 ||| READING 2 scrolls labelled JEIRAF BOWN.
  1198 | D:1      | 1198 ||| READING scroll labelled OCY QECISS.
  1199 | D:1      | 1199 ||| READING scroll labelled HEAVEI VIEROFU.
  1199 | D:1      | Identified a scroll of acquirement
  1199 | D:1      | 1199 ||| ACQUIRING +0 hat "Xeozxi" {Fly rC- rN+ Str+2}
  1199 | D:1      | Acquired the +0 hat "Xeozxi" {Fly rC- rN+ Str+2}
  1201 | D:1      | 1201 ||| UPGRADING to +0 hat "Xeozxi" {Fly rC- rN+ Str+2}.
  1206 | D:1      | 1206 ||| DRINKING 2 fizzy clear potions.
  1307 | D:1      | 1307 ||| READING 2 scrolls of identify.
  1307 | D:1      | 1307 ||| IDENTIFYING dark potion
  1308 | D:1      | 1308 ||| DROPPING scroll of blinking.
  1309 | D:1      | 1309 ||| DROPPING potion of invisibility.
  1310 | D:1      | 1310 ||| DROPPING potion of ambrosia.
  1311 | D:1      | 1311 ||| DROPPING scroll of amnesia.
  1602 | D:2      | 1602 ||| Stepping ~*~*~tactically~*~*~ (stealth).
  1606 | D:2      | 1606 ||| Stepping ~*~*~tactically~*~*~ (stealth).
  1610 | D:2      | Reached XP level 3. HP: 20/21 MP: 7/7
  1613 | D:2      | Reached skill level 4 in Axes
  1629 | D:2      | 1629 ||| FLEEEEING.
  1689 | D:2      | 1689 ||| Stepping ~*~*~tactically~*~*~ (stealth).
  1767 | D:2      | 1767 ||| Stepping ~*~*~tactically~*~*~ (stealth).
  1774 | D:2      | HP: 5/21 [poisoned by an adder]
  1774 | D:2      | HP: 2/21 [adder (3)]
  1775 | D:2      | Succumbed to an adder's poison

Levels and vault maps discovered:
D:1:      minmay_arrival_open_corners, layout_basic, serial_shops,
          nicolae_square_shop, shop, shapermc_ecumenical_altar_mp_vishouse
D:2:      layout_basic, uniq_terence

Skill      XL: |  1  2  3 |
---------------+----------+-----
Axes           | 3 4 |  4.1
Fighting       | |  2.0
Throwing       | |  1.0
Armour         | |  1.1
Dodging        | |  2.1
Spellcasting   | |  2.0
Translocations | |  2.4

Action                   || total
-------------------------++-------
Melee: Hand axe          ||    69
       Kick              ||    13
       Peck              ||    10
Throw: Boomerang         ||     7
  Use: Scroll            ||     8
       Potion            ||     1
Armor: Leather armour    ||    10
       Ring mail         ||     8
Dodge: Dodged            ||    43

Table legend:
 A = Non-vault XP
 B = Vault XP
 C = Vault XP percentage of total XP
 D = Non-vault monster count
 E = Vault monster count
 F = Vault count percentage of total count
                 A         B        C        D         E       F
            +---------+---------+-------+---------+---------+-------
      Total |      70 |       0 |   0.0 |      28 |       0 |   0.0
            +---------+---------+-------+---------+---------+-------
        D:1 |      29 |       0 |   0.0 |      18 |       0 |   0.0
        D:2 |      41 |       0 |   0.0 |      10 |       0 |   0.0
            +---------+---------+-------+---------+---------+-------
